 Dungeon Crawl Stone Soup version 0.27.1-33-g824d729ab1 (webtiles) character file.

Game seed: 414876484981867479

515277 KamiKatze the Cloud Mage (level 23, -13/181 HPs)
             Began as a Demigod Conjurer on Dec 11, 2021.
             Mangled by a rockslime (38 damage)
             ... on level 5 of the Pits of Slime on Dec 13, 2021.
             The game lasted 08:34:59 (86447 turns).

KamiKatze the Cloud Mage (Demigod Conjurer)        Turns: 86447, Time: 08:35:00

Health: -13/181    AC: 11    Str:  5    XL:     23   Next: 34%
Magic:  30/51      EV: 15    Int: 56    God:
Gold:   1356       SH:  8    Dex: 16    Spells: 8/58 levels left

rFire    + + +     SeeInvis +   c - staff of conjuration
rCold    + . .     Faith    .   D - +3 warlock's mirror {reflect}
rNeg     . . .     Spirit   .   J - +2 robe {rC+}
rPois    +         Reflect  +   L - +3 crown of Dyrovepreva {rElec Int+2 SInv}
rElec    +         Harm     .   b - scarf {repulsion}
rCorr    +         Rampage  .   I - +0 pair of gloves of Coihusick {rF+ Str-5 Int+4 Slay+6}
Will     ++++.                  f - +2 pair of boots "Dufed" {+Inv rF+ Str+4 Stlth+}
Stlth    ++++++....             W - amulet of magic regeneration
HPRegen  0.40/turn              l - ring "Waus" {rElec rPois Will++ rCorr Str-2}
MPRegen  0.57/turn              n - ring of Futew {rF+ Str+2 Int+6 Stlth+}

@: invisible, repel missiles
A: high mp 1, forlorn, weak 1
}: 2/15 runes: serpentine, barnacled
a: Evoke Invisibility


You were on level 5 of the Pits of Slime.
You visited 10 branches of the dungeon, and saw 49 of its levels.
You visited 1 bazaar.
You also visited: Ice Cave.

You collected 5022 gold pieces.
You spent 3666 gold pieces at shops.

Inventory:

Missiles
 q - 153 poisoned darts (quivered)
 s - 13 curare-tipped darts
 H - 8 throwing nets
Armour
 b - a scarf of repulsion (worn)
 f - the +2 pair of boots "Dufed" (worn) {+Inv rF+ Str+4 Stlth+}
   (You found it on level 5 of the Lair of Beasts)

   Str:       It affects your strength (+4).
   rF:        It protects you from fire.
   +Inv:      It lets you turn invisible.
   Stlth:     It makes you more stealthy.
 j - a +3 leather armour of willpower
 D - the +3 warlock's mirror (worn) {reflect}
   (You bought it in a shop on level 1 of the Vaults)

   It can block and reflect piercing ranged attacks and magical attacks against
   the wielder's willpower.
 I - the +0 pair of gloves of Coihusick (worn) {rF+ Str-5 Int+4 Slay+6}
   (You bought it in a shop on level 4 of the Snake Pit)

   Str:       It affects your strength (-5).
   Int:       It affects your intelligence (+4).
   Slay:      It affects your accuracy & damage with ranged weapons and melee
   (+6).
   rF:        It protects you from fire.
 J - a +2 robe of cold resistance (worn)
 L - the +3 crown of Dyrovepreva (worn) {rElec Int+2 SInv}
   (You found it on level 3 of the Elven Halls)

   Int:       It affects your intelligence (+2).
   rElec:     It insulates you from electricity.
   SInv:      It lets you see invisible.
Magical Staves
 a - a staff of air
 c - a staff of conjuration (weapon)
 d - a staff of death
 e - a staff of earth
Jewellery
 h - the ring of Tuhyudaf {rC+ EV+4 Str+4}
   (You took it off a deep elf demonologist on level 3 of the Elven Halls)

   [ring of evasion]

   EV:        It affects your evasion (+4).
   Str:       It affects your strength (+4).
   rC:        It protects you from cold.
 l - the ring "Waus" (left hand) {rElec rPois Will++ rCorr Str-2}
   (You found it on level 4 of the Shoals)

   [ring of resist corrosion]

   Str:       It affects your strength (-2).
   rElec:     It insulates you from electricity.
   rPois:     It protects you from poison.
   rCorr:     It protects you from acid and corrosion.
   Will:      It greatly increases your willpower.
 n - the ring of Futew (right hand) {rF+ Str+2 Int+6 Stlth+}
   (You took it off a deep elf zephyrmancer on level 3 of the Elven Halls)

   [ring of intelligence]

   Str:       It affects your strength (+2).
   Int:       It affects your intelligence (+6).
   rF:        It protects you from fire.
   Stlth:     It makes you more stealthy.
 M - a ring of flight
 W - an amulet of magic regeneration (around neck)
Wands
 w - a wand of mindburst (55)
 O - a wand of digging (9)
 S - a wand of iceblast (24)
Scrolls
 g - 13 scrolls of teleportation
 p - 10 scrolls of vulnerability
 v - 5 scrolls of holy word
 y - 3 scrolls of magic mapping
 z - 5 scrolls of fog
 F - 2 scrolls of fear
 G - 24 scrolls of identify
 Q - 3 scrolls of blinking
 T - 5 scrolls of summoning
Potions
 i - 2 potions of mutation
 k - 19 potions of curing
 m - 5 potions of flight
 o - 10 potions of brilliance
 r - 4 potions of resistance
 t - 7 potions of heal wounds
 A - 6 potions of attraction
 C - 6 potions of haste
 E - 3 potions of magic
 P - 3 potions of cancellation
 R - a potion of berserk rage
 V - 5 potions of lignification
 Y - 9 potions of might


   Skills:
 - Level 10.0 Fighting
 - Level 6.0 Dodging
 - Level 9.0 Stealth
 - Level 4.0 Shields
 - Level 18.0 Spellcasting
 - Level 15.0 Conjurations
 - Level 9.0 Hexes
 - Level 9.0 Translocations
 - Level 6.0 Fire Magic
 - Level 21.6 Air Magic
 * Level 15.3 Earth Magic


You had 8 spell levels left.
You knew the following spells:

 Your Spells              Type           Power      Damage    Failure   Level
a - Magic Dart            Conj           100%       1d8       0%          1
b - Searing Ray           Conj           100%       3d7       0%          2
c - Fulminant Prism       Conj/Hex       67%        3d28      1%          4
d - Iskenderun's Mystic   Conj/Tloc      100%       2d19      1%          4
e - Fireball              Conj/Fire      64%        3d24      1%          5
f - Lee's Rapid Deconstr  Erth           61%        3d29*     0%          5
g - Iron Shot             Conj/Erth      73%        9d13      1%          6
h - Orb of Destruction    Conj           72%        9d19      1%          7
i - Conjure Ball Lightni  Conj/Air       77%        3x3d28    1%          6
j - Maxwell's Capacitive  Air            69%        ∞         1%          8
x - Blink                 Tloc           N/A        N/A       0%          2

Your spell library contained the following spells:

 Spells                   Type           Power      Damage    Failure   Level
 Foxfire                  Conj/Fire      100%       2x1d9     0%          1
 Poisonous Vapours        Pois/Air       100%       N/A       0%          2
 Slow                     Hex            100%       N/A       0%          2
 Static Discharge         Conj/Air       100%       N/A       0%          2
 Conjure Flame            Conj/Fire      100%       6-21      0%          3
 Dazzling Flash           Conj/Hex       100%       N/A       0%          3
 Stone Arrow              Conj/Erth      100%       3d13      0%          3
 Swiftness                Air            100%       N/A       0%          3
 Airstrike                Air            69%        N/A       0%          4
 Iskenderun's Battlesphe  Conj           100%       2d15      0%          5
 Lightning Bolt           Conj/Air       77%        1d104     0%          5
 Silence                  Hex/Air        61%        N/A       0%          5
 Animate Skeleton         Necr           100%       N/A       1%          1
 Pain                     Necr           100%       1d9       1%          1
 Sting                    Tmut/Pois      100%       1d8       1%          1
 Call Imp                 Summ           50%        N/A       1%          2
 Passwall                 Tmut/Erth      78%        N/A       1%          2
 Call Canine Familiar     Summ           50%        N/A       1%          3
 Confusing Touch          Hex            100%       N/A       1%          3
 Frozen Ramparts          Ice            100%       1d12      1%          3
 Gell's Gravitas          Tloc           50%        N/A       1%          3
 Inner Flame              Hex/Fire       94%        N/A       1%          3
 Lesser Beckoning         Tloc           50%        N/A       1%          3
 Ozocubu's Armour         Ice            50%        N/A       1%          3
 Portal Projectile        Hex/Tloc       100%       N/A       1%          3
 Teleport Other           Tloc           100%       N/A       1%          3
 Tukima's Dance           Hex            100%       N/A       1%          3
 Vampiric Draining        Necr           25%        2d9       1%          3
 Animate Armour           Summ/Erth      100%       N/A       1%          4
 Hailstorm                Conj/Ice       100%       3d20      1%          4
 Leda's Liquefaction      Hex/Erth       56%        N/A       1%          4
 Passage of Golubria      Tloc           N/A        N/A       1%          4
 Summon Lightning Spire   Summ/Air       100%       N/A       1%          4
 Bolt of Magma            Conj/Fire/Erth 67%        4d26      1%          5
 Borgnjor's Vile Clutch   Necr/Erth      47%        N/A       1%          5
 Freezing Cloud           Conj/Ice/Air   68%        6-21      1%          5
 Irradiate                Conj/Tmut      58%        3d32      1%          5
 Manifold Assault         Tloc           100%       N/A       1%          5
 Metabolic Englaciation   Hex/Ice        39%        N/A       1%          5
 Summon Forest            Summ/Tloc      39%        N/A       1%          5
 Summon Mana Viper        Hex/Summ       79%        N/A       1%          5
 Yara's Violent Unravell  Hex/Tmut       39%        3d16      1%          5
 Dispersal                Tloc           50%        N/A       1%          6
 Invisibility             Hex            50%        N/A       1%          6
 Starburst                Conj/Fire      64%        6d17      1%          6
 Statue Form              Tmut/Erth      62%        N/A       1%          6
 Animate Dead             Necr           25%        N/A       2%          4
 Ice Form                 Ice/Tmut       50%        N/A       2%          4
 Olgreb's Toxic Radiance  Pois           50%        N/A       2%          4
 Summon Ice Beast         Ice/Summ       50%        N/A       2%          4
 Storm Form               Tmut/Air       53%        N/A       2%          7
 Agony                    Necr           50%        N/A       7%          5
 Alistair's Intoxication  Tmut/Pois      33%        N/A       7%          5
 Blade Hands              Tmut           25%        N/A       7%          5
 Excruciating Wounds      Necr           25%        N/A       7%          5
 Spellforged Servitor     Conj/Summ      58%        N/A       10%         7
 Malign Gateway           Summ/Tloc      39%        N/A       34%         7
 Eringya's Noxious Bog    Tmut/Pois      25%        N/A       36%         6
 Shadow Creatures         Summ           N/A        N/A       36%         6
 Simulacrum               Ice/Necr       25%        N/A       36%         6
 Ignition                 Fire           43%        3d13      82%         8
 Dragon Form              Tmut           25%        N/A       91%         7
 Haunt                    Necr/Summ      25%        N/A       91%         7
 Ozocubu's Refrigeration  Ice            25%        4d10      91%         7
 Borgnjor's Revivificati  Necr           25%        N/A       100%        8
 Infestation              Necr           25%        N/A       100%        8
 Necromutation            Tmut/Necr      25%        N/A       100%        8
 Summon Horrible Things   Summ           25%        N/A       100%        8
 Shatter                  Erth           61%        3d45*     45%         9
 Death's Door             Necr           25%        N/A       100%        9


Dungeon Overview and Level Annotations

Branches:
Dungeon (15/15)            Temple (1/1) D:7            Lair (6/6) D:10
 Shoals (4/4) Lair:3        Snake (4/4) Lair:3        Slime (5/5) Lair:5
    Orc (2/2) D:9             Elf (3/3) Orc:2        Vaults (4/5) D:13
  Crypt (0/3) Vaults:2     Depths (5/5) D:15            Zot (0/5) Depths:5
  IceCv (visited)

Shops:
Orc:1 ??[   Orc:2 :(**   Elf:3 =[   Snake:1 *?*   Snake:4 [   Vaults:1 [
Vaults:2 ?   Depths:5 (*?(

Portals:
Hell: Depths:1 Depths:2 Depths:3 Depths:4 Depths:5
Abyss: Lair:6 Depths:4
Pandemonium: Orc:2 Depths:2 Depths:3 Depths:5
Ziggurat: Depths:5
Trove: Depths:4 (show abyssal rune of Zot)

Annotations:
Shoals:3 3 runed translucent doors, exclusion: 3 doors, DearestLeader's ghost, adept GnNe
Vaults:1 2 runed translucent doors, exclusion: 2 doors, kalagan's ghost, adept DECj
Vaults:3 BORIS!!, Boris


Innate Abilities, Weirdness & Mutations

Your attributes grow dramatically as you level up.
You have an increased reservoir of magic. (+10% MP)
You shall have no god before yourself.
You are weak. (Str -2)


Message History

The slime creature quivers. x2
The quicksilver ooze hits you. The quicksilver ooze engulfs you!
The quicksilver ooze hits you.
You feel your power leaking away. The quicksilver ooze hits you!
You block the quicksilver ooze's attack.
The quicksilver ooze hits you.
The quicksilver ooze hits you but does no damage.
The quicksilver ooze hits you. The quicksilver ooze hits you!
You feel your power leaking away. The rockslime completely misses you.
The rockslime misses you. The rockslime hits you!!
You hold your ground!
The acid blob jiggles.
The slime creature quivers.
There is a stone staircase leading up, spattered with blood here.
You cannot cast spells while unable to breathe!
Unknown command.
Unknown command.
You gasp with relief as air once again reaches your lungs.
The quicksilver ooze hits you!! The quicksilver ooze engulfs you!
The quicksilver ooze hits you but does no damage.
The rockslime hits you but does no damage.
The acid blob hits you but does no damage.
The rockslime hits you!
You hold your ground!
The rockslime barely misses you. The rockslime hits you!
You hold your ground!
The rockslime hits you!!
* * * LOW HITPOINT WARNING * * *
You stumble backwards!
You stop ascending the stairs.
Unknown command.
You cannot read scrolls while unable to breathe!
Unknown command.
You fade into invisibility!
You gasp with relief as air once again reaches your lungs.
The quicksilver ooze hits you!!
* * * LOW HITPOINT WARNING * * *
The quicksilver ooze hits you.
* * * LOW HITPOINT WARNING * * *
You feel your power leaking away. The rockslime hits you!
* * * LOW HITPOINT WARNING * * *
You stumble backwards!
The rockslime hits you!!!
You die...

## ####..#### ###..##....##
###....@J#....### #### ####
##......JJJ......# #..#
##..###......JJJJJ.....####..#
##.............J.JJ......##...##
#..............JJJJJ............
##................JJ............#
#................JJJJ............
................JJJ..............
.................................


You could see 5 acid blobs, 2 azure jellies, 6 slime creatures, 7 rockslimes and
6 quicksilver oozes.

Vanquished Creatures
  the Royal Jelly (Slime:5)
  An ancient lich (Depths:2)
  Mennas (Depths:4)
  A juggernaut (Depths:5)
  Sojobo (Depths:3)
  Vashnia (Snake:4)
  Nikola (Snake:2)
  2 golden dragons
  A bone dragon (Depths:5)
  An Ice Fiend (Depths:3)
  Jorgrun (Shoals:1)
  Rupert (D:15)
  A lich (Depths:3)
  2 deep elf master archers (Elf:3)
  Frances (Elf:1)
  3 acid blobs
  3 sphinxes
  Polyphemus (Shoals:2)
  Kirke (Lair:3)
  The ghost of Viocziel the Brawler, an adept TrMo of Nemelex Xobeh (Depths:3)
  3 tengu reavers (Depths:3)
  A shadow dragon (Depths:5)
  5 azure jellies
  A nagaraja (Snake:4)
  4 fire giants
  2 rockslimes
  Ilsuiw (Shoals:2)
  An azure jelly (shapeshifter) (Lair:6)
  Aizul (Snake:4)
  7 deep elf sorcerers
  2 iron dragons
  A draconian scorcher (Depths:5)
  10 vault wardens
  Louise (Snake:1)
  4 orc warlords
  3 deep elf elementalists (Elf:3)
  4 frost giants
  The ghost of Adireryl the Fighter, a journeyman HOFi of Beogh (Lair:5)
  A draconian annihilator (Depths:5)
  3 quicksilver oozes
  13 ironbound preservers
  8 stone giants
  26 very ugly things
  3 vampire knights
  4 deep elf demonologists (Elf:3)
  2 elemental wellsprings (Shoals:1)
  A bunyip (shapeshifter) (Elf:3)
  A dire elephant (Vaults:1)
  A purple draconian (Depths:5)
  14 deep elf annihilators
  2 red draconians (Depths:5)
  3 blizzard demons (Depths:3)
  9 fire dragons
  4 merfolk impalers
  A green death (Depths:3)
  An ettin (shapeshifter) (Lair:6)
  2 deep elf death magi
  9 ironbound thunderhulks
  6 merfolk javelineers
  7 yaktaur captains
  7 deep elf high priests
  A rakshasa (D:12)
  4 ettins
  2 hell beasts (Depths:2)
  12 great orbs of eyes
  14 hydras
  7 salamander tyrants
  10 naga warriors
  An ogre mage (D:14)
  A peacekeeper (Vaults:4)
  9 ice dragons
  The ghost of Anathary the Carver, a journeyman MiFi of Hepliaklqana (Orc:2)
  3 spriggan air magi
  6 boulder beetles
  5 vault guards
  A catoblepas (Shoals:2)
  5 merfolk avatars
  An alligator (Shoals:3)
  15 centaur warriors
  14 anacondas
  8 alligator snapping turtles
  13 ironbound frosthearts
  5 tengu warriors
  9 two-headed ogres
  4 merfolk aquamancers
  3 satyrs
  A two-headed ogre (shapeshifter) (Depths:5)
  11 shock serpents
  2 orc high priests (Orc:2)
  13 death yaks
  5 vampire magi
  32 dancing weapons
  4 deep troll earth magi
  16 deep troll shamans
  A soul eater (Depths:2)
  17 naga sharpshooters
  A sun demon (Orc:2)
  A spriggan berserker (Depths:5)
  5 ironbound beastmasters
  5 hell knights (Depths:5)
  3 thrashing horrors (Lair:6)
  Nergalle (D:10)
  19 deep elf knights
  A golden dragon zombie (Depths:3)
  5 salamander mystics
  2 skeletal warriors
  A death drake (shapeshifter) (D:15)
  A glowing orange brain (Slime:5)
  8 iron trolls
  4 flayed ghosts (Depths:4)
  A spark wasp zombie (Depths:3)
  A quicksilver dragon simulacrum (Depths:2)
  A gelid demonspawn (Orc:2)
  The ghost of Holzbalken the Spear-Bearer, a novice DsGl of Qazlal (D:8)
  5 naga ritualists
  10 sea snakes
  An obsidian statue (Orc:2)
  52 deep trolls
  2 torturous demonspawn (Orc:2)
  A deep troll (shapeshifter) (D:15)
  17 deep elf archers
  12 lindwurms
  13 wizards
  13 ironbound convokers
  8 necromancers
  4 phantasmal warriors
  A tengu zombie (Vaults:3)
  17 orc knights
  40 deep elf pyromancers
  21 deep elf zephyrmancers
  A golden dragon skeleton (Depths:3)
  2 harpies (shapeshifter)
  71 ugly things
  A wolf spider (D:15)
  20 harpies
  18 fauns
  12 mana vipers
  12 orc sorcerers
  3 shining eyes
  4 oklob plants
  A large abomination (Lair:6)
  26 salamanders
  20 manticores
  6 cyclopes
  A rust devil (Depths:3)
  34 black mambas
  6 water nymphs
  11 naga magi
  An eye of devastation (shapeshifter) (Elf:3)
  6 elephants (Lair:6)
  An ice statue (Lair:5)
  9 merfolk sirens
  18 vault sentinels
  6 guardian serpents
  2 orange demons
  A smoke demon (Depths:3)
  2 gargoyles (D:12)
  A storm dragon simulacrum (Depths:3)
  9 apocalypse crabs (Depths:4)
  Maggie (Lair:1)
  A rime drake (shapeshifter) (D:13)
  13 cane toads
  A torpor snail (Lair:3)
  3 rime drakes
  28 yaktaurs
  A freezing wraith (Lair:5)
  An efreet (D:15)
  5 komodo dragons
  A kobold demonologist (D:13)
  2 entropy weaver simulacra (IceCv)
  2 ancient zymes (Lair:6)
  2 hornets
  3 ice devils
  15 merfolk
  8 trolls
  3 red devils
  A meliai (shapeshifter) (D:15)
  A tengu simulacrum (Depths:3)
  3 wind drakes
  7 polar bears
  64 slime creatures
  An iron dragon simulacrum (Depths:3)
  40 blink frogs
  6 snapping turtles
  17 dream sheep
  A fire giant simulacrum (Depths:3)
  A flying skull (Vaults:2)
  2 shadows
  A spriggan (Lair:6)
  32 yaks
  18 water elementals
  2 ynoxinuls (Lair:6)
  6 wyverns
  An elf zombie (Depths:3)
  5 fire elementals
  7 wraiths
  9 humans (D:13)
  A hog (Lair:3)
  A neqoxec (Depths:3)
  3 air elementals
  10 basilisks
  2 golden eyes (Slime:5)
  A steam dragon (D:6)
  2 chaos spawn
  A vampire mosquito (D:12)
  33 nagas
  2 acid dragons
  A demonic crawler simulacrum (IceCv)
  12 water moccasins
  A floating eye (Depths:3)
  24 orc warriors
  9 black bears
  2 sky beasts
  4 ice beasts (Lair:5)
  A spriggan simulacrum (Depths:3)
  13 ogres
  A human zombie (Vaults:3)
  An ugly thing simulacrum (IceCv)
  8 wolves
  28 centaurs
  A phantom (D:9)
  3 kobold brigands
  17 bullfrogs
  An earth elemental (Elf:3)
  2 gnoll sergeants
  3 glowing shapeshifter simulacra
  2 scorpions
  A water moccasin zombie (D:6)
  6 killer bees (D:10)
  4 troll zombies (D:9)
  10 small abominations (Lair:6)
  7 electric eels
  5 howler monkeys
  2 bullfrog zombies
  20 orc priests
  11 jellies
  2 hounds
  10 centaur zombies
  An iguana (D:5)
  10 orc wizards
  4 hell rats (Lair:3)
  A scorpion zombie (D:5)
  3 killer bee zombies (D:8)
  4 ogre zombies (D:9)
  2 hound skeletons (D:4)
  A howler monkey skeleton (D:7)
  A howler monkey zombie (D:8)
  11 gnolls
  10 adders
  3 white imps (Lair:5)
  2 ufetubi
  3 worms
  3 dart slugs
  62 orcs
  5 ball pythons
  3 bats
  2 endoplasms (D:1)
  7 giant cockroaches
  9 goblins
  5 hobgoblins
  3 jackals (D:3)
  2 quokkas
  4 frilled lizards
  A goblin skeleton (D:9)
  3 goblin zombies (D:9)
  2 hobgoblin skeletons (D:9)
  2 hobgoblin zombies (D:9)
  14 kobolds
  3 orc skeletons (D:9)
  14 orc zombies (D:9)
  6 rats
  A spectral goblin (D:6)
  3 ball lightnings (Vaults:2)
  4 fulminant prisms
1842 creatures vanquished.

Vanquished Creatures (collateral kills)
  A bullfrog (Lair:1)
  34 ball lightnings
35 creatures vanquished.

Vanquished Creatures (others)
  A deep elf blademaster (Elf:3)
  A deep elf high priest (Elf:3)
  A vault guard (D:13)
  A deep elf zephyrmancer (Elf:2)
  A water elemental (Elf:2)
  2 humans
  4 vampire mosquitoes (D:15)
  432 ball lightnings
  A bush (Lair:5)
  748 fulminant prisms
  92 fungi
  242 plants
  2 withered plants (Lair:5)
1528 creatures vanquished.

Grand Total: 3405 creatures vanquished

Notes
Turn   | Place    | Note
-------+----------+-------------------------------------------
     0 | D:1      | KamiKatze the Demigod Conjurer began the quest for the Orb.
     0 | D:1      | Reached XP level 1. HP: 14/14 MP: 5/5
   288 | D:1      | Reached XP level 2. HP: 13/20 MP: 2/7
   291 | D:1      | Learned a level 2 spell: Searing Ray
  1449 | D:2      | Reached XP level 3. HP: 26/26 MP: 3/8
  2438 | D:3      | Reached XP level 4. HP: 33/33 MP: 5/10
  2444 | D:3      | Learned a level 4 spell: Fulminant Prism
  2987 | D:4      | Reached XP level 5. HP: 38/38 MP: 7/11
  3240 | D:4      | Reached skill level 1 in Hexes
  3428 | D:4      | Noticed an ogre
  3437 | D:4      | Killed an ogre
  3438 | D:4      | Reached XP level 6. HP: 45/45 MP: 7/13
  3589 | D:4      | Reached skill level 5 in Conjurations
  3595 | D:4      | Learned a level 4 spell: Iskenderun's Mystic Blast
  3881 | D:4      | Reached skill level 1 in Translocations
  4074 | D:5      | Entered Level 5 of the Dungeon
  4078 | D:5      | Noticed a water moccasin
  4084 | D:5      | Killed a water moccasin
  4085 | D:5      | Reached XP level 7. HP: 34/50 MP: 6/16
  4959 | D:6      | Reached XP level 8. HP: 57/57 MP: 3/18
  5096 | D:6      | Reached skill level 5 in Spellcasting
  5119 | D:6      | Identified the +8 flail "Niclitwe" {vamp, Int+3}
  6487 | D:6      | Learned a level 2 spell: Blink
  6685 | D:7      | Reached XP level 9. HP: 48/63 MP: 13/21
  6797 | D:7      | Found a staircase to the Ecumenical Temple.
  6806 | Temple   | Entered the Ecumenical Temple
  7209 | D:7      | Reached skill level 1 in Fighting
  8265 | D:8      | Got Kikubaaqudgha's Volume of Evil
  8359 | D:8      | Found a runed translucent gate.
  8359 | D:8      | Found a runed translucent gate.
  8359 | D:8      | Found a runed translucent gate.
  8371 | D:8      | Noticed Holzbalken's ghost (novice DsGl)
  9087 | D:9      | Reached XP level 10. HP: 66/74 MP: 9/24
  9246 | D:9      | Noticed a two-headed ogre
  9254 | D:9      | Killed a two-headed ogre
  9255 | D:9      | Reached skill level 5 in Hexes
  9478 | D:9      | Found a staircase to the Orcish Mines.
  9804 | D:9      | Found a huge runed translucent gate.
  9805 | D:9      | Noticed a death yak
  9805 | D:9      | Found a huge runed translucent gate.
  9805 | D:9      | Found a huge runed translucent gate.
  9805 | D:9      | Found a huge runed translucent gate.
  9805 | D:9      | Noticed a manticore
  9806 | D:9      | Noticed a manticore
  9806 | D:9      | Noticed a manticore
 10205 | D:10     | Entered Level 10 of the Dungeon
 10692 | D:10     | Reached skill level 5 in Translocations
 10900 | D:10     | Reached skill level 5 in Stealth
 11334 | D:10     | Found a staircase to the Lair.
 11457 | D:10     | Noticed Nergalle
 11674 | D:10     | Killed Nergalle
 11788 | D:11     | Noticed a deep elf pyromancer
 11788 | D:11     | Noticed a deep elf zephyrmancer
 11794 | D:11     | Killed a deep elf pyromancer
 11801 | D:11     | Killed a deep elf zephyrmancer
 11802 | D:11     | Reached XP level 11. HP: 44/83 MP: 3/27
 12167 | D:11     | Noticed a wizard
 12178 | D:11     | Killed a wizard
 12491 | D:11     | Identified a scroll of acquirement
 12624 | D:11     | Noticed a boulder beetle
 12785 | Lair:1   | Entered Level 1 of the Lair of Beasts
 13248 | Lair:1   | Noticed a six-headed hydra
 13270 | Lair:1   | Killed a six-headed hydra
 13395 | Lair:1   | Noticed Maggie
 13402 | Lair:1   | Killed Maggie
 13604 | Lair:1   | Reached skill level 10 in Conjurations
 13843 | Lair:2   | Noticed a seven-headed hydra
 13862 | Lair:2   | Killed a seven-headed hydra
 15124 | Lair:3   | Noticed an eight-headed hydra
 15132 | Lair:3   | Killed an eight-headed hydra
 15133 | Lair:3   | Reached skill level 5 in Fighting
 15134 | Lair:3   | Noticed an eight-headed hydra
 15187 | Lair:3   | Killed an eight-headed hydra
 15221 | Lair:3   | Noticed a four-headed hydra
 15322 | Lair:3   | Noticed an eight-headed hydra
 15333 | Lair:3   | Killed an eight-headed hydra
 15334 | Lair:3   | Reached XP level 12. HP: 94/94 MP: 14/29
 15334 | Lair:3   | Killed a four-headed hydra
 16225 | Lair:3   | Found a staircase to the Snake Pit.
 16473 | Lair:3   | Noticed an eight-headed hydra
 16484 | Lair:3   | Killed an eight-headed hydra
 16597 | Lair:3   | Found a staircase to the Shoals.
 16788 | Lair:3   | Noticed a boulder beetle
 17464 | Lair:4   | Identified the +5 falchion of Distant Shores {freeze, rC+
                  | Dex+4}
 17583 | Lair:4   | Learned a level 5 spell: Fireball
 17590 | Lair:4   | Learned a level 6 spell: Conjure Ball Lightning
 17893 | Lair:5   | Noticed a seven-headed hydra
 17986 | Lair:5   | Found a staircase to the Slime Pits.
 18137 | Lair:5   | Reached skill level 1 in Earth Magic
 18389 | Lair:5   | Killed a seven-headed hydra
 18390 | Lair:5   | Reached skill level 5 in Dodging
 18390 | Lair:5   | Reached skill level 1 in Air Magic
 18621 | Lair:5   | Found a runed translucent door.
 18624 | Lair:5   | Noticed Adireryl's ghost (journeyman HOFi)
 18835 | Lair:5   | Reached skill level 2 in Air Magic
 18908 | Lair:5   | Reached skill level 10 in Spellcasting
 18908 | Lair:5   | Reached XP level 13. HP: 102/102 MP: 8/31
 19268 | Lair:5   | Reached skill level 1 in Fire Magic
 20206 | Lair:5   | Identified the +2 pair of boots "Dufed" {+Inv rF+ Str+4
                  | Stlth+}
 20533 | Lair:3   | Reached skill level 3 in Air Magic
 20842 | Lair:6   | Entered Level 6 of the Lair of Beasts
 22046 | Lair:6   | Reached skill level 4 in Air Magic
 23833 | Lair:6   | Reached XP level 14. HP: 111/111 MP: 27/33
 24947 | Lair:6   | Reached skill level 5 in Air Magic
 25424 | Lair:6   | Found a one-way gate to the infinite horrors of the Abyss.
 25517 | Lair:6   | Noticed an azure jelly
 25520 | Lair:6   | Killed an azure jelly
 26229 | D:11     | Got the Compendium of Combed Thunderclap
 26242 | D:11     | Learned a level 7 spell: Orb of Destruction
 26456 | D:11     | Got the Papyrus of Plaster Cramp
 26468 | D:11     | Got the Almanac of Sand
 27083 | D:12     | Reached skill level 5 in Fire Magic
 27716 | Orc:1    | Entered Level 1 of the Orcish Mines
 28078 | Orc:1    | Found Xalipirgh's Armour Shoppe.
 28086 | Orc:1    | Found Detykk's Magic Scroll Emporium.
 28387 | Orc:1    | Found Liheason's Magic Scroll Shoppe.
 28574 | Orc:2    | Entered Level 2 of the Orcish Mines
 28803 | Orc:2    | Found a staircase to the Elven Halls.
 29089 | Orc:2    | Found Moso's Distillery.
 29203 | Orc:2    | Found Mead's General Store.
 29760 | Orc:2    | Reached skill level 6 in Air Magic
 30497 | Orc:2    | Found Makhusk's Book Boutique.
 30497 | Orc:2    | Found Wiujiqi's Antique Weapon Shop.
 30498 | Orc:2    | Found a one-way gate leading to the halls of Pandemonium.
 30647 | Orc:2    | Found a runed translucent gate.
 30647 | Orc:2    | Found a runed translucent gate.
 30647 | Orc:2    | Found a runed translucent gate.
 30648 | Orc:2    | Noticed Anathary's ghost (journeyman MiFi)
 30652 | Orc:2    | Found Xawkix's Assorted Antiques.
 30891 | Orc:2    | Bought a book of the Sky for 660 gold pieces
 31309 | D:12     | Found a runed translucent door.
 31790 | D:12     | Found a runed translucent door.
 31879 | D:12     | Identified the +1 scale mail of the Insatiable Allies {rN+
                  | Regen+ Int-4}
 32152 | D:12     | Reached XP level 15. HP: 107/118 MP: 12/35
 33370 | D:13     | Found a gate to the Vaults.
 33751 | D:14     | Found a frozen archway.
 33787 | IceCv    | Entered an ice cave
 33919 | D:14     | Reached skill level 7 in Air Magic
 34795 | D:14     | Learned a level 5 spell: Lee's Rapid Deconstruction
 35122 | D:15     | Entered Level 15 of the Dungeon
 35167 | D:15     | Noticed Rupert
 35444 | D:15     | Paralysed by Rupert for 6 turns
 35460 | D:15     | Killed Rupert
 35608 | D:15     | Identified the ring "Dorrudd" {Int+6 Stlth+}
 36310 | D:15     | Found a staircase to the Depths.
 36694 | Lair:1   | Acquired an amulet of magic regeneration
 36849 | D:8      | Killed Holzbalken's ghost
 36850 | D:8      | Reached skill level 1 in Shields
 37182 | D:9      | Reached skill level 8 in Air Magic
 37798 | Lair:5   | Killed Adireryl's ghost
 38008 | Orc:2    | Killed Anathary's ghost
 38255 | Shoals:1 | Entered Level 1 of the Shoals
 38261 | Shoals:1 | Reached XP level 16. HP: 112/128 MP: 21/37
 38385 | Shoals:1 | Noticed Kirke
 38390 | Lair:3   | Killed Kirke
 38970 | Shoals:1 | Noticed Jorgrun
 38975 | Shoals:1 | Killed Jorgrun
 39486 | Shoals:1 | Reached skill level 5 in Earth Magic
 39934 | Shoals:1 | Identified the +3 war axe of the Known World {freeze, rPois
                  | Will+++ Int-3 SInv}
 40306 | Shoals:2 | Reached skill level 9 in Air Magic
 40367 | Shoals:2 | Noticed Polyphemus
 40381 | Shoals:2 | Killed Polyphemus
 40589 | Shoals:2 | Noticed Ilsuiw
 40945 | Shoals:2 | Killed Ilsuiw
 43172 | Shoals:3 | Found a runed translucent gate.
 43172 | Shoals:3 | Found a runed translucent gate.
 43173 | Shoals:3 | Found a runed translucent gate.
 43175 | Shoals:3 | Identified the amulet of Cizud {Regen+ Str+2 Dex+2}
 43176 | Shoals:3 | Noticed DearestLeader's ghost (adept GnNe)
 43424 | Shoals:4 | Entered Level 4 of the Shoals
 43428 | Shoals:4 | Reached XP level 17. HP: 137/137 MP: 35/39
 43445 | Shoals:4 | Reached skill level 10 in Air Magic
 43802 | Shoals:4 | Identified the ring "Qelaxunn" {rF+ EV+4 Int+2}
 43834 | Shoals:4 | Identified the ring "Watofaop" {Fire rCorr Dex+5 Stlth+}
 44456 | Shoals:4 | Identified the ring "Waus" {rElec rPois Will++ rCorr Str-2}
 44572 | Shoals:4 | Got a barnacled rune of Zot
 44688 | Shoals:4 | Got the Papyrus of Air
 45152 | Orc:1    | Bought a +2 buckler of positive energy for 240 gold pieces
 45178 | Orc:1    | Bought a scroll of blinking for 97 gold pieces
 45178 | Orc:1    | Bought a scroll of teleportation for 39 gold pieces
 45192 | Orc:1    | Bought a scroll of teleportation for 48 gold pieces
 45192 | Orc:1    | Bought 2 scrolls of teleportation for 96 gold pieces
 45297 | Lair:1   | Learned a level 6 spell: Iron Shot
 45340 | Snake:1  | Entered Level 1 of the Snake Pit
 45696 | Snake:1  | Found Fyop's General Store.
 45719 | Snake:1  | Found Teteoto's Magic Scroll Emporium.
 45758 | Snake:1  | Noticed Louise
 45765 | Snake:1  | Killed Louise
 45977 | Snake:1  | Found Cylosoin's Assorted Antiques.
 46365 | Snake:2  | Noticed Nikola
 46515 | Snake:2  | Killed Nikola
 47286 | Snake:2  | Reached skill level 11 in Air Magic
 47989 | Snake:3  | Reached skill level 15 in Conjurations
 49192 | Snake:4  | Entered Level 4 of the Snake Pit
 49192 | Snake:4  | Found Balerph's Antique Armour Shoppe.
 49811 | Snake:4  | Noticed Vashnia
 49817 | Snake:4  | Reached XP level 18. HP: 117/145 MP: 31/41
 49834 | Snake:4  | Killed Vashnia
 49853 | Snake:4  | Reached skill level 12 in Air Magic
 50074 | Snake:4  | Noticed Aizul
 50079 | Snake:4  | Killed Aizul
 50246 | Snake:4  | Bought a pair of fine gloves for 237 gold pieces
 50246 | Snake:4  | Identified the +0 pair of gloves of Coihusick {rF+ Str-5
                  | Int+4 Slay+6} (You bought it in a shop on level 4 of the
                  | Snake Pit)
 52456 | Snake:4  | Got a serpentine rune of Zot
 52965 | Vaults:1 | Entered Level 1 of the Vaults
 53009 | Vaults:1 | Found Yjiufur's Armour Shop.
 53014 | Vaults:1 | Bought the +3 warlock's mirror {reflect} for 600 gold
                  | pieces
 53014 | Vaults:1 | Found the +3 warlock's mirror {reflect}
 53204 | Vaults:1 | Reached skill level 13 in Air Magic
 53285 | Vaults:1 | Reached skill level 15 in Spellcasting
 54949 | Vaults:1 | Reached XP level 19. HP: 97/151 MP: 32/44
 55237 | Vaults:1 | Found a large runed translucent door.
 55238 | Vaults:1 | Found a large runed translucent door.
 55239 | Vaults:1 | Noticed kalagan's ghost (adept DECj)
 55509 | Vaults:2 | Found Quis Nule's Magic Scroll Shop.
 55516 | Vaults:2 | Reached skill level 14 in Air Magic
 57277 | Vaults:2 | Learned a level 8 spell: Maxwell's Capacitive Coupling
 57491 | Vaults:2 | Found a staircase to the Crypt.
 57713 | Vaults:3 | Noticed Boris
 57715 | Vaults:3 | Reached skill level 15 in Air Magic
 60668 | Vaults:4 | Reached skill level 16 in Air Magic
 60959 | Vaults:4 | Reached XP level 20. HP: 89/158 MP: 25/46
 63692 | Elf:1    | Entered Level 1 of the Elven Halls
 63770 | Elf:1    | Paralysed by an air elemental for 1 turns
 63851 | Elf:1    | Paralysed by an air elemental for 1 turns
 64396 | Elf:1    | Reached skill level 17 in Air Magic
 64603 | Elf:1    | Reached skill level 10 in Fighting
 64724 | Elf:1    | Noticed Frances
 64737 | Elf:1    | Killed Frances
 64752 | Elf:1    | HP: 8/161 [deep elf pyromancer/sticky flame[a deep elf high
                  | priest] (4)]
 66823 | Elf:2    | Reached skill level 18 in Air Magic
 67185 | Elf:2    | Found a runed translucent gate.
 67185 | Elf:2    | Found a runed translucent gate.
 67196 | Elf:2    | Found a runed translucent gate.
 67522 | Depths:1 | Entered Level 1 of the Depths
 68269 | Depths:1 | Found a gateway to Hell.
 68459 | Depths:2 | You fall into a shaft and drop 2 floors!
 68504 | Depths:3 | Found a gateway to a bazaar.
 68507 | Depths:3 | Noticed Mennas
 68592 | Depths:4 | Reached XP level 21. HP: 71/168 MP: 3/48
 68856 | Depths:4 | HP: 5/168 [Mennas (8)]
 68857 | Depths:4 | Killed Mennas
 69228 | Depths:4 | Reached skill level 19 in Air Magic
 69671 | Bazaar   | Entered a bazaar
 69675 | Bazaar   | Found Sukh's Jewellery Boutique.
 69696 | Bazaar   | Found Itoick's Antique Armour Emporium.
 69718 | Bazaar   | Found Itzon's General Store.
 69738 | Bazaar   | Found Icugoath's Weapon Shoppe.
 69780 | Bazaar   | Bought a distressingly furry leather armour for 217 gold
                  | pieces
 69780 | Bazaar   | Identified the +3 leather armour of the Swan {rPois} (You
                  | bought it in a shop in a bazaar)
 69831 | Bazaar   | Bought a scroll of acquirement for 832 gold pieces
 69835 | Bazaar   | Acquired Qoblarhu's Disquisition on the Shifting Escort
 70123 | Depths:2 | Noticed an ancient lich
 70604 | Depths:2 | Killed an ancient lich
 71347 | Depths:2 | Found the +6 Majin-Bo {vamp, MP+6 Int+6}
 71540 | Depths:2 | Reached skill level 20 in Air Magic
 72303 | Depths:3 | Noticed Sojobo
 72553 | Depths:3 | Killed Sojobo
 72745 | Depths:3 | Identified the ring "Omamil" {Fire Str+8 Int-3 Stlth+}
 72777 | Depths:3 | Identified the +3 robe of Makhleb's Displeasure {rN++ Str-3
                  | Int-3 Dex+4}
 72784 | Depths:3 | Found a runed translucent gate.
 72784 | Depths:3 | Found a runed translucent gate.
 72784 | Depths:3 | Found a runed translucent gate.
 72820 | Depths:3 | Identified the amulet "Pify" {Reflect Will+ SH+5}
 73095 | Depths:3 | Paralysed by a floating eye for 2 turns
 73232 | Depths:3 | Noticed Viocziel's ghost (adept TrMo)
 73899 | Depths:3 | Reached skill level 21 in Air Magic
 74269 | Depths:4 | Noticed a golden dragon
 74273 | Depths:4 | Killed a golden dragon
 74973 | Depths:4 | Identified the +4 ring mail of Omission {rN++}
 75101 | Depths:4 | Found a portal to a secret trove of treasure.
 75683 | Depths:3 | Killed Viocziel's ghost
 75684 | Depths:3 | Reached XP level 22. HP: 174/174 MP: 42/49
 75739 | Depths:5 | Entered Level 5 of the Depths
 75739 | Depths:5 | Found a gateway to a ziggurat.
 76991 | Depths:5 | Found Onifur's Assorted Antiques.
 76996 | Depths:5 | Found Suuvetimm's Weapon Shop.
 77707 | Orc:2    | Bought a book of the Earth for 600 gold pieces
 78390 | Depths:5 | Found a gate to the Realm of Zot.
 78457 | Depths:5 | Found Imnec's Antique Weapon Boutique.
 78626 | Depths:5 | Found Xioritz's Magic Scroll Emporium.
 78642 | Depths:5 | Noticed a juggernaut
 78647 | Depths:5 | Killed a juggernaut
 78781 | Depths:5 | Reached skill level 10 in Earth Magic
 80523 | Elf:3    | Entered Level 3 of the Elven Halls
 81800 | Elf:3    | Found Neanyen's Jewellery Boutique.
 82057 | Elf:3    | Found Hidghafy's Antique Armour Boutique.
 82298 | Elf:3    | Identified the ring of Tuhyudaf {rC+ EV+4 Str+4}
 82380 | Elf:3    | Identified the ring "Xexext" {Ice rElec rN++ MP+9 Dex-5}
 83260 | Elf:3    | Identified the ring of Futew {rF+ Str+2 Int+6 Stlth+}
 83274 | Elf:3    | Reached XP level 23. HP: 181/181 MP: 36/51
 83323 | Elf:3    | Identified the +1 robe of Quujuck {rC+}
 83597 | Elf:3    | Found the +3 crown of Dyrovepreva {rElec Int+2 SInv}
 83754 | Elf:3    | Got Cuukesuv's Compendium of the Gliding Volcanoes
 83837 | Elf:3    | Identified the +4 hunting sling of Redghin {venom, rN+
                  | Int+4}
 83862 | Elf:3    | Identified the +6 hand crossbow of Reinforcement {freeze,
                  | rElec Stlth+}
 84482 | Slime:1  | Entered Level 1 of the Pits of Slime
 86065 | Slime:5  | Entered Level 5 of the Pits of Slime
 86126 | Slime:5  | Gained mutation: You are weak. (Str -2) [a shining eye]
 86282 | Slime:5  | Noticed the Royal Jelly
 86287 | Slime:5  | Killed the Royal Jelly
 86288 | Slime:5  | Reached skill level 15 in Earth Magic
 86447 | Slime:5  | Mangled by a rockslime

Illustrated notes

Levels and vault maps discovered:
D:1:      wander_arrival_chamber, layout_basic, kennysheep_another_room,
          minmay_tetromino_l4
D:2:      layout_basic, serial_forest, infiniplex_forest_side_room,
          infiniplex_forest_end_double, infiniplex_forest_lined_1,
          infiniplex_forest_fountain, infiniplex_forest_clump_medium,
          infiniplex_forest_corner_1, infiniplex_forest_lined_corner,
          shapermc_ecumenical_altar_mp_urbaneastern,
          amcnicky_mini_corridor_feature, minmay_misc_feat_pillars
D:3:      layout_rooms, st_stairs_13
D:4:      layout_basic, ashenzari_altar_1, mainiacjoe_overflow_alcove_4
D:5:      corexii_shack_village, layout_loops_ring
D:6:      layout_loops_ring, nicolae_hepliaklqana_monster_ancestors,
          centaur_isle
D:7:      layout_loops_corners, minmay_temple_entry_junction, fountainhead
D:8:      layout_basic, grunt_temple_overflow_magic_moments,
          mainiacjoe_overflow_chevrons, nicolae_yredelemnul_corpse_copse,
          gammafunk_ghost_spectres, abandoned_shop, grunt_decor_cap,
          due_unseen_surprise
D:9:      lemuel_bear_cage, layout_long_grid, mainiacjoe_overflow_alcove_2,
          zombieorc2_lemuel
D:10:     layout_basic, lemuel_round_altar, mainiacjoe_overflow_paths,
          mainiacjoe_overflow_large_starburst, mainiacjoe_overflow_boulevard,
          uniq_nergalle
D:11:     layout_stronghold, bh_hangedman_babel_library
D:12:     cheibrodos_histonic, layout_basic
D:13:     layout_gridville, ximxim_vaults_locker_room
D:14:     layout_gridville, hangedman_abyss_or_decor_passed,
          portal_ice_cave_entry_ugly_swarm
D:15:     gammafunk_enter_depths_forms, layout_rooms, nicolae_benzene_ring,
          lemuel_flamethrower_hall, uniq_rupert
Temple:   corrupted_temple
Lair:1:   layout_roguey, lemuel_fruit_tree, uniq_maggie
Lair:2:   layout_roguey
Lair:3:   nzn_winding_woodlands_medium [nzn_winding_woodlands_hourglass,
          nzn_winding_woodlands_5x15_eye, nzn_winding_woodlands_5x5_open_star,
          nzn_winding_woodlands_5x5_closed_star,
          nzn_winding_woodlands_center_lodge, nzn_winding_woodlands_5x5_three,
          nzn_winding_woodlands_5x5_perimeter,
          nzn_winding_woodlands_5x15_sidewinder,
          nzn_winding_woodlands_5x5_checkerboard], layout_regular_city,
          elwin_shoals_entry_rooms, minmay_snake_entry_guardpost_medium
Lair:4:   layout_regular_city, serial_bayou, serial_bayou_shore_a,
          serial_bayou_pond_a, serial_bayou_pond_d, serial_bayou_crossing
Lair:5:   layout_gridlike, slime_dummy, gammafunk_ghost_grave, enter_volcano_4,
          minmay_holes, ice2_lemuel, minmay_lair_oklob_chamber
Lair:6:   hellmonk_lair_end_abyssal_woods, layout_cave_pods,
          serial_bayou_shore_b, lemuel_fruit_fields, infiniplex_staircase_pool
Shoals:1: layout_shoals, nicolae_shoals_spring_well_temple, uniq_kirke,
          uniq_jorgrun
Shoals:2: layout_shoals, uniq_polyphemus, uniq_ilsuiw
Shoals:3: cheibrodos_shoals_epimethial_gifts, layout_shoals,
          gammafunk_ghost_tricky_traps, nicolae_shoals_siren_and_animal_friends
Shoals:4: shoals_end_grunt_garden, layout_shoals, nicolae_shoals_loop_pool
Snake:1:  layout_misc_corridors, serial_shops, nicolae_square_shop,
          nicolae_shop_statue_plus, nicolae_shop_statue_plus, uniq_louise
Snake:2:  layout_honeycomb, uniq_nikola
Snake:3:  layout_misc_corridors
Snake:4:  snake_pit_salamanders_mu, layout_layer_cave, serial_shops, shop,
          uniq_vashnia, uniq_aizul
Slime:1:  nicolae_slime_jelly_donut, layout_caves
Slime:2:  layout_caves
Slime:3:  layout_caves, uniq_dissolution
Slime:4:  layout_caves
Slime:5
Orc:1:    layout_caves, serial_shops, nicolae_shop_crystal, shop, shop_statue
Orc:2:    pf_orc_diabolical, layout_caves, ebering_ghost_gozag
Elf:1:    layout_loops_corners, minivault_28, drop_trap, minivault_4,
          uniq_frances
Elf:2:    elven_hall_of_blades_hangedman_original
          [nicolae_blade_entry_pointy_end], layout_geoelf_diagonals
Elf:3:    minmay_elf_hall_spiked, layout_loops_corners, serial_shops,
          nicolae_shop_waterfront, nicolae_shop_waterfront, grunt_megastairs_5
Vaults:1: ebering_vaults_ghost_disaster_area, grunt_vaults_hallway_short,
          nicolae_vaults_border_crossing, ontoclasm_vaults_pinch,
          vaults_room_fours, vaults_dpeg_encased_lava, layout_vaults_omnigrid,
          serial_shops, shop
Vaults:2: nicolae_vaults_triangles, vaults_room_semicircle, v_pattern_3,
          nicolae_vaults_alarming, hangedman_vaults_nails,
          vaults_room_door_hall, vaults_room_grid, v_misc_10,
          minmay_crypt_entry_simple_statues, layout_vaults_omnicross,
          serial_shops, shop
Vaults:3: vaults_standard_mumra_x, v_misc_4, hangedman_vaults_nodes,
          v_alt_pattern_1, nicolae_vaults_diagonal_hallway_7,
          vaults_room_stairs_pillars, vaults_dpeg_spiral,
          nicolae_vaults_mini_display_case, nicolae_vaults_shelves_hall,
          ontoclasm_vaults_spin, vaults_dpeg_diagonal, layout_vaults_big_room,
          uniq_boris
Vaults:4: st_lattice, v_rooms_5, nicolae_vaults_little_squares_4,
          vaults_mumra_hex, v_rooms_4, hangedman_vaults_impose,
          vaults_room_fours, hangedman_vaults_pinch,
          nicolae_vaults_diagonal_hallway_9, nicolae_vaults_network_quincunx
          [nicolae_vaults_network_quincunx_subvault,
          nicolae_vaults_network_quincunx_subvault,
          nicolae_vaults_network_quincunx_subvault,
          nicolae_vaults_network_quincunx_subvault,
          nicolae_vaults_network_quincunx_subvault], layout_vaults_omnibox
Depths:1: layout_cave_pools, grunt_hell_entry_dis_grunt,
          nzn_wu_jian_contemplation
Depths:2: minmay_guarded_unrand_majin_bo, layout_gridlike, grunt_mini_vestibule,
          serial_bayou_ford_a, pan_entry, drop_trap, infiniplex_staircase_pool_2
Depths:3: minmay_box_of_statues, layout_gridlike, serial_shops, bzr_entry_islet,
          gammafunk_ghost_icy, grunt_pan_entry_zigzag,
          pf_vacation_house_of_asmodeus, hangedman_decor_riveting,
          elyvilon_altar_3, serial_bayou_shore_b, uniq_mennas, uniq_sojobo
Depths:4: gammafunk_mikee_crab_dinner, layout_cave_pools,
          nicolae_trove_entry_columns, abyss_entry_small_statue_room,
          hangedman_decor_diamond_cutter, hell_entry, vehumet_crystals,
          infiniplex_staircase_star
Depths:5: evilmike_zot_entry_diamond, layout_twisted_cross, enter_ziggurat_b,
          pan_entry, nicolae_qazlal_scattered_showers, serial_shops, shop,
          hangedman_coc_ice_floe, nicolae_inconvenience_store, minmay_shop_star

Skill      XL: |  1  2  3  4  5  6  7  8  9 10 11 12 13 14 15 16 17 18 19 20 21 22 23 |
---------------+----------------------------------------------------------------------+-----
Stealth        | 2 3 4 5 6 7 8 9 |  9.0
Dodging        | 2 3 4 5 6 |  6.0
Spellcasting   | 2 3 4 6 7 8 9 10 11 12 14 15 16 17 18 | 18.0
Conjurations   | 4 5 6 7 8 9 10 11 12 13 14 15 | 15.0
Hexes          | 1 2 3 4 5 6 7 8 9 |  9.0
Translocations | 1 2 3 4 5 6 7 8 9 |  9.0
Fighting       | 2 3 5 6 7 8 9 10 | 10.0
Earth Magic    | 2 4 6 8 9 13 15 | 15.3
Air Magic      | 2 4 6 8 9 11 13 16 18 21 | 21.6
Fire Magic     | 4 6 |  6.0
Shields        | 2 4 |  4.0

Action                   |  1- 3 |  4- 6 |  7- 9 | 10-12 | 13-15 | 16-18 | 19-21 | 22-24 || total
-------------------------+-------+-------+-------+-------+-------+-------+-------+-------++-------
Melee: Trident           |     8 |       |       |       |       |       |       |       ||     8
       Spear             |    11 |     6 |       |       |       |       |       |       ||    17
       Dagger            |       |     9 |    32 |       |       |       |       |       ||    41
       Flail             |       |       |       |    10 |       |       |       |       ||    10
       Staff             |       |       |       |       |     6 |     2 |    14 |       ||    22
Throw: Dart              |       |       |       |       |    34 |       |       |       ||    34
 Cast: Magic Dart        |    58 |    25 |    33 |    15 |    21 |       |       |     1 ||   153
       Searing Ray       |     7 |    22 |    43 |    36 |    41 |     3 |     1 |     1 ||   154
       Fulminant Prism   |       |       |    46 |   170 |   417 |    97 |    20 |     2 ||   752
       Blink             |       |       |     2 |     1 |    22 |     7 |     1 |       ||    33
       Iskenderun's Myst |       |       |     4 |    61 |   132 |    96 |    87 |    34 ||   414
       Fireball          |       |       |       |       |    27 |    95 |    22 |     3 ||   147
       Orb of Destructio |       |       |       |       |     4 |   137 |   153 |    87 ||   381
       Lee's Rapid Decon |       |       |       |       |     4 |    66 |    98 |    25 ||   193
       Iron Shot         |       |       |       |       |       |    61 |    65 |    37 ||   163
       Conjure Ball Ligh |       |       |       |       |       |    71 |    97 |    32 ||   200
       Maxwell's Capacit |       |       |       |       |       |       |    50 |    47 ||    97
Evoke: Wand              |       |       |       |     1 |       |       |       |       ||     1
  Use: Scroll            |       |       |    10 |    17 |     7 |     3 |     3 |     2 ||    42
       Potion            |       |       |       |       |       |     7 |     4 |     3 ||    14
 Stab: Sleeping          |     1 |     1 |     5 |     2 |       |       |       |       ||     9
       Distracted        |       |       |       |       |     1 |       |       |       ||     1
Armor: Robe              |     4 |     9 |     9 |       |       |       |       |     9 ||    31
       Steam dragon scal |       |       |     6 |    23 |    13 |       |       |       ||    42
       Leather armour    |       |       |       |       |    26 |    47 |    27 |     3 ||   103
Dodge: Dodged            |     8 |    24 |    45 |    46 |    64 |   180 |    87 |    39 ||   493
       Repelled          |       |       |       |       |       |    15 |     9 |     5 ||    29
Block: Buckler           |       |       |       |       |       |    42 |    73 |    35 ||   150
       Reflection        |       |       |       |       |       |     3 |    32 |    13 ||    48
